[ AOE2 MATCH · #463514071 ]
Team RMPortuguese vs Goths
[ REPLAY ANALYSIS · EXTRACTED FROM THE RECORDED GAME ]
Feudal
—
Castle
—
Imperial
—
| APM avg | 20.1 |
| APM peak | 26 |
| eAPM avg | 10.4 |
| Villagers / military | 13 / 0 |
Focus
⚔️ 3.6% · 🌾 96.4%
Feudal
—
Castle
—
Imperial
—
| APM avg | 30.1 |
| APM peak | 51 |
| eAPM avg | 11.0 |
| Villagers / military | 19 / 0 |
Focus
⚔️ 2.5% · 🌾 97.5%
Feudal
—
Castle
—
Imperial
—
| APM avg | 9.1 |
| APM peak | 21 |
| eAPM avg | 7.5 |
| Villagers / military | 4 / 0 |
Focus
⚔️ 16.7% · 🌾 83.3%
Feudal
—
Castle
—
Imperial
—
| APM avg | 12.6 |
| APM peak | 28 |
| eAPM avg | 7.3 |
| Villagers / military | 18 / 0 |
Focus
⚔️ 2.9% · 🌾 97.1%
Feudal
—
Castle
—
Imperial
—
| APM avg | 12.8 |
| APM peak | 25 |
| eAPM avg | 6.5 |
| Villagers / military | 10 / 0 |
Focus
⚔️ 13.6% · 🌾 86.4%
Feudal
—
Castle
—
Imperial
—
| APM avg | 14.8 |
| APM peak | 23 |
| eAPM avg | 8.5 |
| Villagers / military | 14 / 0 |
Focus
⚔️ 9.1% · 🌾 90.9%
Feudal
—
Castle
—
Imperial
—
| APM avg | 20.7 |
| APM peak | 37 |
| eAPM avg | 6.5 |
| Villagers / military | 8 / 0 |
Focus
⚔️ 10.5% · 🌾 89.5%
Feudal
—
Castle
—
Imperial
—
| APM avg | 14.2 |
| APM peak | 31 |
| eAPM avg | 7.9 |
| Villagers / military | 9 / 0 |
Focus
⚔️ 4.8% · 🌾 95.2%
Match map
Initial resources + every placement click. Lines = walls · curves = elevation contours. ◆ gold · ⬟ stone · ● berries · ✦ relic · ◌ wall gap
Your base
Naptime's base
ErmeteTris's base
XmenT's base
Balin's base
Leggy Mountbatten's base
Subegedei's base
Drak's base
Smoothed initial terrain · ◌ = detected wall gap · hover for details
Inputs per minute
— mistiko - - Naptime
Build order — mistiko
17 actions detected in the replay
| 0:05 | Create | Villager (Male) |
| 0:05 | Create | Villager (Male) |
| 0:06 | Create | Villager (Male) |
| 0:06 | Create | Villager (Male) |
| 0:06 | Create | Villager (Male) |
| 0:10 | Build | House |
| 1:09 | Build | Mill |
| 1:54 | Build | Palisade Wall |
| 2:36 | Create | Villager (Male) |
| 2:36 | Create | Villager (Male) |
| 2:36 | Create | Villager (Male) |
| 2:37 | Create | Villager (Male) |
| 3:25 | Create | Villager (Male) |
| 3:26 | Create | Villager (Male) |
| 3:26 | Create | Villager (Male) |
| 3:26 | Create | Villager (Male) |
| 3:35 | Build | House |
Build order — Naptime
20 actions detected in the replay
| 0:04 | Create | Villager (Male) |
| 0:04 | Create | Villager (Male) |
| 0:04 | Create | Villager (Male) |
| 0:05 | Create | Villager (Male) |
| 1:23 | Create | Villager (Male) |
| 1:23 | Create | Villager (Male) |
| 2:29 | Create | Villager (Male) |
| 2:29 | Create | Villager (Male) |
| 2:30 | Create | Villager (Male) |
| 3:18 | Build | Mill |
| 3:19 | Create | Villager (Male) |
| 3:20 | Create | Villager (Male) |
| 3:20 | Create | Villager (Male) |
| 3:20 | Create | Villager (Male) |
| 3:58 | Create | Villager (Male) |
| 3:58 | Create | Villager (Male) |
| 4:47 | Create | Villager (Male) |
| 4:47 | Create | Villager (Male) |
| 4:48 | Create | Villager (Male) |
| 4:48 | Create | Villager (Male) |
Build order — ErmeteTris
6 actions detected in the replay
| 0:09 | Build | House |
| 0:11 | Build | House |
| 0:14 | Research | Loom |
| 0:15 | Create | Villager (Male) ×4 |
| 1:34 | Build | Palisade Wall |
| 1:40 | Build | Palisade Wall |
Build order — XmenT
27 actions detected in the replay
| 0:06 | Create | Villager (Male) |
| 0:09 | Research | Loom |
| 0:09 | Create | Villager (Male) |
| 0:10 | Create | Villager (Male) |
| 0:10 | Create | Villager (Male) |
| 0:10 | Create | Villager (Male) |
| 0:10 | Create | Villager (Male) |
| 0:21 | Build | House |
| 0:23 | Build | House |
| 0:24 | Build | House |
| 0:25 | Build | House |
| 0:26 | Build | House |
| 0:27 | Build | House |
| 0:28 | Build | House |
| 0:29 | Build | House |
| 2:08 | Create | Villager (Male) |
| 2:08 | Create | Villager (Male) |
| 3:08 | Create | Villager (Male) |
| 3:08 | Create | Villager (Male) |
| 3:46 | Create | Villager (Male) |
| 3:46 | Create | Villager (Male) |
| 3:46 | Create | Villager (Male) |
| 4:17 | Create | Villager (Male) |
| 4:17 | Create | Villager (Male) |
| 4:18 | Create | Villager (Male) |
| 4:39 | Create | Villager (Male) |
| 4:39 | Create | Villager (Male) |
Build order — Balin
11 actions detected in the replay
| 0:05 | Research | Loom |
| 0:06 | Create | Villager (Male) ×4 |
| 0:07 | Create | Villager (Male) ×4 |
| 0:10 | Build | House |
| 0:11 | Build | House |
| 0:30 | Build | Palisade Wall |
| 0:59 | Build | Palisade Wall |
| 2:40 | Build | Outpost |
| 2:54 | Build | Outpost |
| 3:23 | Create | Villager (Male) |
| 3:58 | Create | Villager (Male) |
Build order — Leggy Mountbatten
22 actions detected in the replay
| 0:07 | Create | Villager (Male) |
| 0:07 | Research | Loom |
| 0:08 | Create | Villager (Male) |
| 0:08 | Create | Villager (Male) |
| 0:09 | Create | Villager (Male) |
| 0:09 | Create | Villager (Male) |
| 0:21 | Build | House |
| 1:41 | Create | Villager (Male) |
| 2:03 | Build | House |
| 2:33 | Create | Villager (Male) |
| 2:33 | Create | Villager (Male) |
| 2:48 | Build | Lumber Camp |
| 2:52 | Build | House |
| 3:16 | Create | Villager (Male) |
| 3:17 | Create | Villager (Male) |
| 3:40 | Create | Villager (Male) |
| 3:41 | Create | Villager (Male) |
| 4:02 | Build | Palisade Wall |
| 4:08 | Build | Palisade Gate |
| 4:30 | Build | Palisade Wall |
| 4:45 | Create | Villager (Male) |
| 4:46 | Create | Villager (Male) |
Build order — Subegedei
14 actions detected in the replay
| 0:15 | Build | House |
| 0:24 | Build | House |
| 0:30 | Create | Villager (Male) |
| 0:30 | Research | Loom |
| 0:34 | Create | Villager (Male) |
| 0:56 | Build | Palisade Wall |
| 1:26 | Create | Villager (Male) |
| 1:27 | Create | Villager (Male) |
| 2:10 | Create | Villager (Male) |
| 2:50 | Create | Villager (Male) |
| 3:21 | Build | Palisade Wall |
| 3:35 | Create | Villager (Male) |
| 3:36 | Create | Villager (Male) |
| 4:27 | Build | House |
Build order — Drak
14 actions detected in the replay
| 0:03 | Build | House |
| 0:08 | Build | House |
| 0:08 | Research | Loom |
| 0:14 | Create | Villager (Male) |
| 0:14 | Create | Villager (Male) |
| 0:14 | Create | Villager (Male) |
| 0:14 | Create | Villager (Male) |
| 0:15 | Create | Villager (Male) |
| 1:27 | Build | Palisade Wall |
| 2:30 | Create | Villager (Male) |
| 2:31 | Create | Villager (Male) |
| 3:29 | Build | Lumber Camp |
| 3:43 | Create | Villager (Male) |
| 3:43 | Create | Villager (Male) |
Match timeline
| 0:30 | Balin · wall_segment Palisade Wall x9 |
| 0:56 | Subegedei · wall_segment Palisade Wall x6 |
| 0:59 | Balin · wall_segment Palisade Wall x8 |
| 1:27 | Drak · wall_segment Palisade Wall x8 |
| 1:34 | ErmeteTris · wall_segment Palisade Wall x8 |
| 1:40 | ErmeteTris · wall_segment Palisade Wall x4 |
| 1:54 | mistiko · wall_segment Palisade Wall x20 |
| 3:21 | Subegedei · wall_segment Palisade Wall x22 |
| 4:02 | Leggy Mountbatten · wall_segment Palisade Wall x7 |
| 4:16 | ErmeteTris · resign |
| 4:30 | Leggy Mountbatten · wall_segment Palisade Wall x10 |
[ AI ANALYSIS · 1 CREDIT ]
What really happened in this match?
Wolo.gg analyzes every decision: build order, eco, micro, common mistakes by bracket. Personalized analysis on WhatsApp or Discord in 30 seconds.
Civ guide
Portuguese
Map guide
Black Forest
Perfil
Jugador #9183434